Match 38753242
Unlisted

Match 38753242
End
Engineer Squad
Construct Barracks
Riflemen Squad
Construct Weapon Support Center
Bazooka Squad
M1919 Machine Gun Team
Mechanized Support Center
Selects Advanced Infantry Battlegroup
Selects Convert to Ranger Squad
Selects Frontline Medical Station
M3 75 mm Gun Motor Carriage
M3 75 mm Gun Motor Carriage
Frontline Medical Station
Convert to Ranger Squad
Designate Forward Repair Station
Selects Ammunition Storage
M3 75 mm Gun Motor Carriage
M3 75 mm Gun Motor Carriage
Selects M2A1 105mm Howitzer Emplacement
Bazooka Squad
Engineer Squad
Engineer Squad
Engineer Squad
Frontline Medical Station
Construct Tank Depot
Designate Forward Repair Station
Selects Infantry Assault
Infantry Assault
Engineer Squad
Engineer Squad
M4(105) Sherman Bulldozer
Selects 155mm Rapid Artillery Barrage
Infantry Assault
M4(105) Sherman Bulldozer
155mm Rapid Artillery Barrage
M18 Hellcat Tank Destroyer
M18 Hellcat Tank Destroyer
M18 Hellcat Tank Destroyer
Infantry Assault
Ranger Squad
155mm Rapid Artillery Barrage
Designate Forward Repair Station
Infantry Assault
M18 Hellcat Tank Destroyer
Bazooka Squad
M18 Hellcat Tank Destroyer
Infantry Assault
M18 Hellcat Tank Destroyer
Danver
silentbreacher
∞ | BoCuoi
PurePinoy
清里せんめ[Monster™]
午睡红茶
HelloBoy
waja0514
0
0

Comments sign in to comment!

No comments posted yet!